 Dungeon Crawl Stone Soup version 0.31-a0-851-g7ff8af7976 (webtiles) character file.

Game seed: 1883601503255761522

74 Dirtsage the Chopper (level 4, 0/35 HPs)
             Began as a Demonspawn Berserker on Oct 6, 2023.
             Was a Believer of Trog.
             Slain by a cerulean imp
             ... wielding a +2 spear
             ... summoned by Natasha
              (4 damage)
             ... on level 2 of the Dungeon.
             The game lasted 00:02:10 (872 turns).

Dirtsage the Chopper (Demonspawn Berserker)          Turns: 872, Time: 00:02:11

Health: 0/35       AC:  8    Str: 20    XL:     4   Next: 10%
Magic:  4/4        EV:  8    Int:  8    God:    Trog [**....]
Gold:   87         SH:  0    Dex: 12    Spells: 3/3 levels left

rFire   . . .        a - +0 hand axe
rCold   . . .        (no shield)
rNeg    . . .        g - +0 chain mail
rPois   .            (helmet restricted)
rElec   .            (no cloak)
rCorr   .            (no gloves)
SInv    .            (no boots)
Will    .....        (no amulet) Stlth
                     (no ring)
HPRegen 0.25/turn    (no ring)
MPRegen 0.09/turn

%: no passive effects
@: slowed, very slow
A: antennae 1
a: Renounce Religion, Berserk, Trog's Hand


You were on level 2 of the Dungeon.
You worshipped Trog.
Trog was pleased with you.
You visited 1 branch of the dungeon, and saw 2 of its levels.

You collected 87 gold pieces.

Inventory:

Hand Weapons
 a - a +0 hand axe (weapon)
Armour
 b - a +0 animal skin
 d - a +0 ring mail
 g - a +0 chain mail (worn)
Jewellery
 i - a ring of willpower
Scrolls
 f - a scroll of poison {unknown}
Potions
 c - a potion of enlightenment {unknown}
 e - 2 potions of degeneration {unknown}
 h - a potion of curing {unknown}


   Skills:
 - Level 3.0 Fighting
 + Level 4.5 Axes
 - Level 1.7 Armour
 - Level 1.7 Dodging


You had 3 spell levels left.
You didn't know any spells.
Your spell library contained the following spells:

 Spells                   Type           Power      Damage    Failure   Level
 Apportation              Tloc           0%         N/A       98%         1
 Necrotise                Necr           0%         1d4       98%         1
 Summon Small Mammal      Summ           0%         N/A       98%         1


Dungeon Overview and Level Annotations

Branches:
Dungeon (2/15)

Altars:

Annotations:
D:2 Natasha


Innate Abilities, Weirdness & Mutations

You have a pair of small antennae on your head.


Message History

Natasha barely misses you.
You hit Natasha but do no damage. You closely miss the cerulean imp.
Natasha casts a spell.
The cerulean imp hits you but does no damage.
Natasha barely misses you.
You hit Natasha but do no damage. You hit the cerulean imp.
The cerulean imp hits you but does no damage.
Natasha mumbles some strange words.
The cerulean imp hits you with a +1 spear.
The cerulean imp hits you from afar with a +2 spear.
You take 4 damage, and have 24/35 hp.
You are too injured to fight recklessly!
You are too injured to fight recklessly!
You fail to use your ability.
Natasha barely misses you. The cerulean imp barely misses you.
The cerulean imp hits you from afar with a +2 spear.
The cerulean imp hits you but does no damage.
Natasha casts a spell at you. The magic dart hits you.
You take 10 damage, and have 14/35 hp.
MASSIVE DAMAGE!!
You hit Natasha.
Natasha is moderately wounded.
You hit the cerulean imp but do no damage.
You closely miss the cerulean imp.
The cerulean imp hits you but does no damage. x3
Natasha claws you but does no damage.
The cerulean imp hits you with a +1 spear.
The cerulean imp hits you from afar with a +2 spear.
* * * LOW HITPOINT WARNING * * *
The cerulean imp closely misses you.
You take 5 damage, and have 9/35 hp.
You slash Natasha!
Natasha is almost dead.
You closely miss the cerulean imp. You hit the cerulean imp.
Natasha casts a spell at you. The magic dart hits you.
* * * LOW HITPOINT WARNING * * *
The cerulean imp hits you but does no damage.
The cerulean imp hits you from afar with a +2 spear.
You die...

..........### ..#..# ...
..[....#....#.#..... ###
$..... #^.#.......#
......##......#.#.# ###
.......#)†#...# #..
..........#.#.#. ..#
................
........5.......#
........@..#..#.#
........h5##.##.#
.......5..# .. #.
........... . ..
...........# ####.
..........###....
..."...........#.
..............[..#######
..............


You could see Natasha and 3 cerulean imps.

Vanquished Creatures
  Natasha (D:2)
  An adder (D:2)
  A dart slug (D:1)
  5 endoplasms (D:1)
  3 giant cockroaches
  2 goblins (D:2)
  4 hobgoblins
  3 jackals (D:2)
  2 quokkas
  3 ball pythons (D:1)
  5 bats
  2 frilled lizards
  3 kobolds (D:1)
  3 rats
38 creatures vanquished.

Notes
Turn   | Place    | Note
-------+----------+-------------------------------------------
     0 | D:1      | Dirtsage the Demonspawn Berserker began the quest for the
                  | Orb.
     0 | D:1      | Reached XP level 1. HP: 18/18 MP: 1/1
    68 | D:1      | Reached skill level 3 in Axes
    94 | D:1      | Gained mutation: You have a pair of small antennae on your
                  | head. [demonic ancestry]
    94 | D:1      | Reached XP level 2. HP: 6/24 MP: 2/2
   680 | D:2      | Reached XP level 3. HP: 29/29 MP: 3/3
   714 | D:2      | Reached ** piety under Trog
   723 | D:2      | Reached skill level 4 in Axes
   851 | D:2      | Noticed Natasha
   861 | D:2      | Killed Natasha
   862 | D:2      | Reached XP level 4. HP: 31/35 MP: 4/4
   863 | D:2      | Noticed Natasha
   872 | D:2      | Slain by a cerulean imp

Illustrated notes

Levels and vault maps discovered:
D:1:      lightli_arrival_maybe_door_vault, layout_rooms
D:2:      layout_rooms, nrook_campfire, uniq_natasha

Skill      XL: |  1  2  3 |
---------------+----------+-----
Axes           | 3 4 |  4.5
Fighting       | |  3.0
Armour         | |  1.7
Dodging        | |  1.7

Action                     |  1- 3 |  4- 6 || total
---------------------------+-------+-------++-------
  Melee: Hand axe          |   105 |     5 ||   110
         Punch             |     1 |       ||     1
 Invoke: Berserk           |     2 |       ||     2
 Armour: Animal skin       |    17 |       ||    17
         Chain mail        |    52 |    17 ||    69
         Ring mail         |     4 |       ||     4
  Dodge: Dodged            |    60 |     5 ||    65

Table legend: (Time is in decaauts)
 A = Elapsed time spent in this place.
 B = Non-inter-level travel time spent in this place.
 C = Inter-level travel time spent in this place.
 D = Time resting spent in this place.
 E = Time spent auto-exploring this place.
 F = Levels seen in this place.
 G = Mean time per level.
                   A        B        C        D        E       F      G
               +--------+--------+--------+--------+--------+-----+--------+
         Total |    913 |    884 |     29 |    134 |    495 |   2 |  456.5 |
       Dungeon |    913 |    884 |     29 |    134 |    495 |   2 |  456.5 |
               +--------+--------+--------+--------+--------+-----+--------+

Top non-repeatable levels by time:
     D:1: 660 daAuts
     D:2: 252 daAuts
